 Dungeon Crawl Stone Soup version 0.30-a0-272-gf98c3da03f (webtiles) character file.

Game seed: 14349334798180034773

5203 MrRokkomies the Fighter (level 10, -5/96 HPs)
             Began as an Armataur Delver on Oct 15, 2022.
             Was a Priest of Qazlal.
             Blown up by Sonja (19 damage)
             ... with a mindburst bolt
             ... on level 10 of the Dungeon.
             The game lasted 00:30:11 (11870 turns).

MrRokkomies the Fighter (Armataur Delver)          Turns: 11870, Time: 00:30:12

Health: -5/96      AC: 11    Str: 21    XL:     10   Next: 35%
Magic:  0/16       EV:  8    Int: 17    God:    Qazlal [***...]
Gold:   318        SH:  4    Dex: 15    Spells: 9/9 levels left

rFire   . . .      SeeInvis .    e - +7 spear "Megow" {flame, *Rage rPois Int+7 Stlth+}
rCold   . . .      Faith    .    (no shield)
rNeg    + . .      Spirit   +    v - +0 chain mail of Summertime {Str+2}
rPois   +          Reflect  .    q - +0 helmet
rElec   .          Harm     .    (no cloak)
rCorr   .          Roll     +    (no gloves)
Will    +....      Rage     20%  (no barding)
Stlth   +.........               j - amulet of guardian spirit
HPRegen 0.36/turn                o - ring of positive energy
MPRegen 0.15/turn                y - ring of willpower

@: no status effects
A: large, rugged brown scales 3, deformed body, armoured tail, roll, long
tongue, awkward tongue
a: Renounce Religion, Upheaval, Elemental Force


You were on level 10 of the Dungeon.
You worshipped Qazlal.
Qazlal was most pleased with you.
You visited 1 branch of the dungeon, and saw 10 of its levels.

You collected 555 gold pieces.
You spent 237 gold pieces at shops.

Inventory:

Hand Weapons
 a - a +0 whip of electrocution
 b - a +3 vampiric short sword
 e - the +7 spear "Megow" (weapon) {flame, *Rage rPois Int+7 Stlth+}
   (You found it on level 4 of the Dungeon)

   It burns those it strikes, dealing additional fire damage.
   Int:       It affects your intelligence (+7).
   rPois:     It protects you from poison.
   *Rage:     It berserks you when you make melee attacks (+20% chance).
   Stlth:     It makes you more stealthy.
 h - a +3 dagger of draining
 D - a +0 mace
 J - a +0 great sword
Missiles
 r - 5 boomerangs (quivered)
 x - 4 poisoned darts
 z - 12 javelins
 C - 2 boomerangs of dispersal
 G - 6 silver boomerangs
Armour
 q - a +0 helmet (worn)
 s - a +0 cloak
 v - the +0 chain mail of Summertime (worn) {Str+2}
   (You bought it in a shop on level 5 of the Dungeon)

   Str:       It affects your strength (+2).
Magical Staves
 t - a staff of fire
Jewellery
 c - an amulet of magic regeneration
 j - an amulet of guardian spirit (around neck)
 o - a ring of positive energy (left hand)
 y - a ring of willpower (right hand)
Wands
 g - a wand of digging (9)
 I - a wand of paralysis (4)
Scrolls
 d - 5 scrolls of magic mapping
 f - 3 scrolls of amnesia
 l - 3 scrolls of fear
 p - 2 scrolls of enchant weapon
 u - a scroll of blinking
 w - a scroll of silence
 E - 3 scrolls of teleportation
 H - a scroll of identify
Potions
 i - a potion of magic {unknown}
 k - a potion of haste
 m - a potion of attraction
 n - 2 potions of flight
 B - 2 potions of curing
 F - 2 potions of brilliance
 K - a potion of ambrosia {unknown}


   Skills:
 * Level 8.8 Fighting
 - Level 1.7 Maces & Flails
 - Level 1.0 Throwing
 + Level 8.1 Armour
 + Level 5.0 Dodging
 - Level 5.4 Stealth
 * Level 8.1 Invocations


You had 9 spell levels left.
You didn't know any spells.
Your spell library contained the following spells:

 Spells                   Type           Power      Damage    Failure   Level
 Apportation              Tloc           0%         N/A       86%         1
 Sandblast                Erth           0%         2d4       86%         1
 Blink                    Tloc           0%         N/A       95%         2
 Momentum Strike          Conj/Tloc      0%         3d8       95%         2
 Passwall                 Tmut/Erth      0%         N/A       95%         2
 Frozen Ramparts          Ice            0%         1d1       99%         3
 Stone Arrow              Conj/Erth      0%         3d7       99%         3
 Ice Form                 Ice/Tmut       0%         N/A       100%        4
 Manifold Assault         Tloc           0%         N/A       100%        4
 Petrify                  Tmut/Erth      0%         N/A       100%        4
 Summon Ice Beast         Ice/Summ       0%         N/A       100%        4
 Freezing Cloud           Conj/Ice/Air   0%         6-21      100%        5
 Conjure Ball Lightning   Conj/Air       0%         3x3d6     100%        6
 Simulacrum               Ice/Necr       0%         N/A       100%        6
 Discord                  Hex            0%         N/A       100%        8
 Disjunction              Tloc           0%         N/A       100%        8
 Polar Vortex             Ice            0%         N/A       100%        9


Dungeon Overview and Level Annotations

Branches:
Dungeon (10/15)            Temple (0/1) D:7            Lair (0/5) D:10
    Orc: D:9-12

Altars:
Cheibriados
Elyvilon
Gozag
Hepliaklqana
Qazlal
Uskayaw
Vehumet
Xom
Yredelemnul
Zin
The Shining One

Shops:
D:5 [   D:7 ?   D:10 *

Annotations:
D:9 1 runed translucent door, wamuu's ghost, novice DECj
D:10 Sonja


Innate Abilities, Weirdness & Mutations

You are completely covered in rugged brown scales. (AC +3, +7% HP)
Armour fits poorly on your strangely shaped body.
You have a long armoured tail.
You roll when moving toward enemies. (Rampage)
Your long tongue fully drains potion bottles. (2x potion effects)
Your tongue gives you trouble enunciating. (1.5x scroll delay)


Message History

Your +0 whip of electrocution stops crackling.
You feel clever.
The +7 spear "Megow" {flame, *Rage rPois Int+7 Stlth+} bursts into flame!
e - the +7 spear "Megow" (weapon)
{flame, *Rage rPois Int+7 Stlth+} You reach to attack!
You hit the gargoyle but do no damage.
The gargoyle hurls a stone arrow at you.
The stone arrow hits you.
You reach to attack!
You completely miss the gargoyle.
You reach to attack!
You hit the gargoyle. You burn the gargoyle.
The gargoyle is lightly damaged.
The gargoyle hurls a stone arrow at you.
The stone arrow hits you!
You reach to attack!
You hit the gargoyle. You burn the gargoyle.
The gargoyle is lightly damaged.
The gargoyle hurls a stone arrow at you.
The stone arrow misses you.
You reach to attack!
You hit the gargoyle but do no damage.
The gargoyle is lightly damaged.
You barely miss Sonja.
Sonja hits you with a +1 short sword of distortion.
Space warps horribly around you!
Sonja hits you with a +1 short sword of distortion.
Space warps horribly around you!!
Sonja hits you with a +1 short sword of distortion.
Space warps horribly around you! You block Sonja's attack.
Sonja hits you with a +1 short sword of distortion.
Space warps horribly around you!
* * * LOW HITPOINT WARNING * * *
Sonja hits you with a +1 short sword of distortion.
* * * LOW HITPOINT WARNING * * *
Space warps around you.
* * * LOW HITPOINT WARNING * * *
Unknown command.
Okay, then.
Unknown command.
Blink to where?
Press: ? - help, Dir - move target
As you read the scroll of blinking, it crumbles to dust.
Sonja zaps a wand.
Your mind is blasted!
You die...

##.# #####)## #..#
#.<.§K.# #.##
#....§.# #.#
#.<....# #.#
#......# ##.#####
###.....# #..##..##
##.......#
#.###...###........#
#.###....\.@.......#
#.......###........#
#.##...## ##...#+###
#.###### ###...# #.#
#.### #.# #####'####
#.# #........# #####
#.# #........###
#.... >..
#........'.## #....


You could see Sonja.

Vanquished Creatures
  Maurice (D:9)
  An unseen horror (D:9)
  Prince Ribbit (D:6)
  A shadow (D:9)
  Sigmund (D:6)
  A steam dragon (D:8)
  The ghost of kerekes the Stinger, an amateur DrVM (D:4)
  2 orc warriors
  A sky beast (D:8)
  A black bear (D:8)
  2 ogres
  2 phantoms
  A centaur (D:5)
  3 bullfrogs
  2 necrophages
  2 scorpions
  2 wights (D:9)
  22 killer bees
  5 spriggan skeletons (D:9)
  3 howler monkeys
  A troll skeleton (D:9)
  8 orc priests
  4 hounds
  3 jellies
  A gnoll bouda (D:5)
  3 iguanas
  11 orc wizards
  12 adders
  14 gnolls
  An ufetubus (D:5)
  2 worms (D:2)
  6 dart slugs
  44 orcs
  3 bats
  10 endoplasms
  4 giant cockroaches
  9 goblins
  9 hobgoblins
  9 kobolds
  A quokka (D:1)
  7 ball pythons
  3 frilled lizards
  2 rats
222 creatures vanquished.

Vanquished Creatures (others)
  An orc wizard (D:7)
1 creature vanquished.

Grand Total: 223 creatures vanquished

Notes
Turn   | Place    | Note
-------+----------+-------------------------------------------
     0 | D:5      | MrRokkomies the Armataur Delver began the quest for the
                  | Orb.
     0 | D:5      | Reached XP level 1. HP: 19/19 MP: 1/1
    84 | D:5      | Noticed an orc priest
    97 | D:5      | Killed an orc priest
    98 | D:5      | Reached XP level 2. HP: 20/27 MP: 2/2
    98 | D:5      | Reached XP level 3. HP: 25/33 MP: 3/3
   179 | D:5      | Identified the +1 robe of Vexation {+Inv rPois rC- rN+++}
   185 | D:4      | Noticed a necrophage
   200 | D:4      | Killed a necrophage
   201 | D:4      | Reached XP level 4. HP: 32/42 MP: 4/4
   314 | D:3      | Reached XP level 5. HP: 17/49 MP: 5/5
  2261 | D:3      | Reached XP level 6. HP: 15/56 MP: 6/6
  2554 | D:3      | Reached skill level 1 in Throwing
  2698 | D:3      | Found a stormy altar of Qazlal.
  2710 | D:3      | Became a worshipper of Qazlal Stormbringer
  2815 | D:3      | Found a glowing silver altar of Zin.
  2838 | D:3      | Found a white marble altar of Elyvilon.
  2838 | D:3      | Found a hide-covered altar of Uskayaw.
  2855 | D:3      | Found an opulent altar of Gozag.
  2858 | D:3      | Found a radiant altar of Vehumet.
  3050 | D:4      | Reached skill level 1 in Invocations
  3301 | D:4      | Found a runed translucent door.
  3311 | D:4      | Found a basalt altar of Yredelemnul.
  3450 | D:4      | Reached skill level 5 in Fighting
  3450 | D:4      | Reached XP level 7. HP: 34/65 MP: 8/8
  3675 | D:4      | Reached * piety under Qazlal
  3676 | D:4      | Reached skill level 5 in Armour
  3882 | D:4      | Identified the +7 spear "Megow" {flame, *Rage rPois Int+7
                  | Stlth+}
  4072 | D:4      | Noticed kerekes's ghost (amateur DrVM)
  4447 | D:4      | Killed kerekes's ghost
  4622 | D:5      | Reached XP level 8. HP: 66/74 MP: 10/10
  4856 | D:5      | Found Risischora's Antique Armour Shoppe.
  4865 | D:5      | Bought an encrusted chain mail for 237 gold pieces
  4865 | D:5      | Identified the +0 chain mail of Summertime {Str+2} (You
                  | bought it in a shop on level 5 of the Dungeon)
  5952 | D:6      | Noticed Prince Ribbit
  5963 | D:6      | Killed Prince Ribbit
  5985 | D:6      | Reached skill level 5 in Invocations
  6300 | D:6      | Noticed Sigmund
  6309 | D:6      | Killed Sigmund
  6433 | D:6      | Reached XP level 9. HP: 82/83 MP: 13/13
  6543 | D:6      | Reached ** piety under Qazlal
  6951 | D:7      | Found Geguderch's Magic Scroll Shop.
  7082 | D:7      | Found a hazy altar of Hepliaklqana.
  7360 | D:7      | Found a staircase to the Ecumenical Temple.
  7435 | D:7      | Got Sif Muna's Quarto of the Caves and Superposition
  7540 | D:7      | Found a snail-covered altar of Cheibriados.
  7801 | D:8      | Found a glowing golden altar of the Shining One.
  8674 | D:9      | Found a runed translucent door.
  8675 | D:9      | Found a shimmering altar of Xom.
  8675 | D:9      | Noticed wamuu's ghost (novice DECj)
  8675 | D:9      | Noticed a +5 scimitar of chaos
  9230 | D:9      | Noticed Maurice
  9276 | D:9      | Killed Maurice
  9929 | D:9      | Reached XP level 10. HP: 94/94 MP: 15/15
 10184 | D:9      | Reached *** piety under Qazlal
 10958 | D:10     | Entered Level 10 of the Dungeon
 11178 | D:10     | Found Jucw's Neck Hole.
 11395 | D:10     | Found a staircase to the Lair.
 11534 | D:10     | Noticed a gargoyle
 11537 | D:10     | Noticed Sonja
 11856 | D:10     | Reached skill level 5 in Dodging
 11870 | D:10     | Blown up by Sonja

Illustrated notes

Levels and vault maps discovered:
D:1:      amcnicky_arrival_underground_garden, layout_basic, st_stairs_12,
          corexii_leaking_fountain
D:2:      layout_loops_cross, minmay_misc_feat_room, hangedman_decor_opposing,
          grunt_ministairs_12, minmay_tripent
D:3:      layout_rooms, nicolae_overflow_crystal_walls,
          minmay_overflow_temple_star_hex
D:4:      kennysheep_six_static_rooms, layout_basic,
          mainiacjoe_overflow_small_starburst, ebering_ghost_sewer_d,
          st_stairs_4
D:5:      layout_gridville, serial_shops, nicolae_shop_behind_doors
D:6:      layout_gridville, uniq_sigmund, uniq_prince_ribbit1
D:7:      layout_basic, mainiacjoe_overflow_concentric_impassable,
          kennysheep_slug_shrine, minmay_temple_entry_glassed_door,
          serial_shops, nicolae_shop_stone, serial_corexii_hall,
          chequers_hall_statues_y, chequers_hall_statues_corner_a,
          corexii_hall_statues_l, corexii_hall_statues_l
D:8:      layout_basic, mainiacjoe_overflow_chevrons
D:9:      layout_loops_corners, ebering_ghost_xom, hangedman_tell_no_tales,
          uniq_maurice
D:10:     layout_roguey, lair_entry_dummy, hiddenorc2_lemuel, serial_curves,
          eino_curves_03, eino_curves_01, nicolae_shop_sticking_my_neck_out,
          uniq_sonja

Skill      XL: |  1  2  3  4  5  6  7  8  9 10 |
---------------+-------------------------------+-----
Fighting       | 3 4 5 6 8 |  8.8
Armour         | 2 3 4 5 6 7 8 |  8.1
Dodging        | 2 3 4 5 |  5.0
Throwing       | 1 |  1.0
Invocations    | 2 3 5 7 8 |  8.1
Maces & Flails | |  1.7
Stealth        | |  5.4

Action                   |  1- 3 |  4- 6 |  7- 9 | 10-12 || total
-------------------------+-------+-------+-------+-------++-------
Melee: Mace              |    29 |     3 |       |       ||    32
       Tailslap          |     4 |    43 |    58 |    24 ||   129
       Punch             |     1 |     2 |     7 |     4 ||    14
       Dagger            |       |   247 |   356 |       ||   603
       Spear             |       |       |    26 |     6 ||    32
       Short sword       |       |       |    99 |   102 ||   201
       Whip              |       |       |    51 |   144 ||   195
Throw: Boomerang         |       |       |    12 |       ||    12
Evoke: Wand              |       |       |     2 |     1 ||     3
  Use: Potion            |     1 |     1 |     6 |       ||     8
       Scroll            |       |    13 |     7 |     3 ||    23
 Stab: Distracted        |       |     1 |       |       ||     1
       Paralysed         |       |       |     2 |       ||     2
Armor: Chain mail        |    16 |   114 |   258 |   121 ||   509
       Skin              |       |       |   120 |    48 ||   168
Dodge: Dodged            |     3 |    73 |   170 |    76 ||   322
Block: Other             |       |       |    45 |    50 ||    95

Table legend: (Time is in decaauts)
 A = Elapsed time spent in this place.
 B = Non-inter-level travel time spent in this place.
 C = Inter-level travel time spent in this place.
 D = Time resting spent in this place.
 E = Time spent auto-exploring this place.
 F = Levels seen in this place.
 G = Mean time per level.
                   A        B        C        D        E       F      G
               +--------+--------+--------+--------+--------+-----+--------+
         Total |  11887 |  11595 |    292 |   1832 |   7878 |  10 | 1188.7 |
       Dungeon |  11887 |  11595 |    292 |   1832 |   7878 |  10 | 1188.7 |
               +--------+--------+--------+--------+--------+-----+--------+

Top non-repeatable levels by time:
     D:9: 2512 daAuts
     D:4: 1619 daAuts
     D:5: 1288 daAuts
     D:2: 1123 daAuts
     D:7: 1104 daAuts
     D:6: 1042 daAuts
     D:8: 929 daAuts
     D:3: 909 daAuts
     D:1: 707 daAuts
    D:10: 650 daAuts
